 Dungeon Crawl Stone Soup version 0.25-a0-161-gb7fd73da8f (webtiles) character file.

Game seed: 8869313444035109619, levelgen mode: deterministic

16965 vurker the Basher (level 12, -1/97 HPs)
             Began as a Formicid Abyssal Knight on Nov 21, 2019.
             Was a Priest of Lugonu.
             Slain by a polar bear (16 damage)
             ... on level 3 of the Lair of Beasts.
             The game lasted 00:35:43 (20659 turns).

vurker the Basher (Formicid Abyssal Knight)        Turns: 20659, Time: 00:35:43

Health: -1/97      AC:  7    Str: 23    XL:     12   Next: 76%
Magic:  21/21      EV: 10    Int: 11    God:    Lugonu [***...]
Gold:   699        SH: 12    Dex: 12    Spells: 11/11 levels left

rFire    . . .     SeeInvis +   a - +5 flail "Fusug" {crush, Dex+2}
rCold    + . .     Gourm    .   w - +0 shield
rNeg     + . .     Faith    +   n - +0 scale mail of Compression {rPois rN+}
rPois    +         Spirit   .   (helmet unavailable)
rElec    .         Reflect  .   (no cloak)
rCorr    .         Harm     .   D - +0 pair of gloves
MR       +....                  (no boots)
Stlth    ..........             z - amulet of faith
HPRegen  0.26/turn              K - ring of protection from cold (curse)
MPRegen  0.17/turn              (no ring)

@: no status effects
A: permanent stasis, dig shafts and tunnels, four strong arms, antennae 3
a: Dig, Shaft Self, Depart the Abyss, Bend Space, Banish, Renounce Religion


You were on level 3 of the Lair of Beasts.
You worshipped Lugonu.
Lugonu was most pleased with you.
You were not hungry.

You visited 2 branches of the dungeon, and saw 14 of its levels.
You visited the Abyss 1 time.

You collected 699 gold pieces.

Inventory:

Hand Weapons
 a - the +5 flail "Fusug" (weapon) {crush, Dex+2}
   (You took it off an orc on level 6 of the Dungeon)

   It inflicts extra damage upon your enemies.
   It affects your dexterity (+2).
 b - a +1 hunting sling
   (You found it on level 1 of the Dungeon)
Missiles
 m - 288 stones (quivered)
 r - 67 sling bullets
 G - 3 throwing nets
Armour
 n - the +0 scale mail of Compression (worn) {rPois rN+}
   (You found it on level 9 of the Dungeon)

   It protects you from poison.
   It protects you from negative energy.
 w - a +0 shield (worn)
   (You found it on level 4 of the Dungeon)
 D - a +0 pair of gloves (worn)
   (You found it on level 9 of the Dungeon)
 E - a +0 plate armour
   (You found it on level 9 of the Dungeon)
Jewellery
 z - an amulet of faith (around neck)
   (You found it on level 7 of the Dungeon)
 I - an uncursed ring of fire
   (You found it on level 11 of the Dungeon)
 K - a cursed ring of protection from cold (left hand)
   (You found it on level 2 of the Lair of Beasts)
 M - a +5 amulet of reflection
   (You found it on level 2 of the Lair of Beasts)
Wands
 d - a wand of iceblast (8)
   (You found it on level 11 of the Dungeon)
 q - a wand of polymorph (19)
   (You found it on level 2 of the Dungeon)
 x - a wand of acid (24)
   (You found it on level 6 of the Dungeon)
Scrolls
 c - 3 scrolls of enchant armour
 i - 2 scrolls of remove curse
 j - 7 scrolls of enchant weapon
 p - 3 scrolls of immolation
 s - 4 scrolls of magic mapping
 t - 2 scrolls of summoning
 B - 6 scrolls of identify
 H - 3 scrolls of fog
 J - 3 scrolls of fear
Potions
 f - 4 potions of flight
 g - 4 potions of curing
 h - a potion of magic
 k - a potion of might
 l - 3 potions of cancellation
 o - 3 potions of ambrosia
 u - 2 potions of lignification
 v - a potion of agility
 A - 2 potions of heal wounds
 C - 2 potions of brilliance
 F - a potion of resistance
Miscellaneous
 y - a phantom mirror
Comestibles
 e - 17 rations
 L - 9 chunks of flesh


   Skills:
 + Level 10.1 Fighting
 * Level 12.4 Maces & Flails
 - Level 2.1 Armour
 - Level 0.8 Dodging
 + Level 9.4 Shields
 * Level 12.4 Invocations


You had 11 spell levels left.
You didn't know any spells.
Your spell library contained the following spells:

 Spells                   Type           Power        Failure   Level  Hunger
 Animate Skeleton         Necr           N/A          65%         1    ##.....
 Apportation              Tloc           #.....       65%         1    ##.....
 Beastly Appendage        Tmut           #.....       65%         1    ##.....
 Confusing Touch          Hex            #.....       65%         1    ##.....
 Magic Dart               Conj           #...         65%         1    ##.....
 Sting                    Conj/Pois      #...         65%         1    ##.....
 Summon Small Mammal      Summ           #...         65%         1    ##.....
 Call Imp                 Summ           #.......     80%         2    ###....
 Poisonous Vapours        Pois/Air       #.....       80%         2    ###....
 Slow                     Hex            #.......     80%         2    ###....
 Sticks to Snakes         Tmut           #.......     80%         2    ###....
 Conjure Flame            Conj/Fire      #.......     95%         3    ####...
 Mephitic Cloud           Conj/Pois/Air  #.......     95%         3    ####...
 Spider Form              Tmut/Pois      #.........   95%         3    ####...
 Ice Form                 Ice/Tmut       #.......     100%        4    #####..
 Olgreb's Toxic Radiance  Pois           #.......     100%        4    #####..
 Blade Hands              Tmut           #.........   100%        5    ######.
 Venom Bolt               Conj/Pois      #.........   100%        5    ######.
 Freezing Cloud           Conj/Ice/Air   #.........   100%        6    #######
 Ring of Flames           Chrm/Fire      #.........   100%        7    #######
 Blink                    Tloc           Unusable     N/A         2    N/A

Dungeon Overview and Level Annotations

Branches:
Dungeon (11/15)            Temple (0/1) D:7            Lair (3/6) D:9
 Shoals (0/4) Lair:3          Orc (0/2) D:9
  Snake: Lair:2-4    Spider: Lair:2-4

Altars:
Ashenzari
Cheibriados
Elyvilon
Gozag
Hepliaklqana
Kikubaaqudgha
Makhleb
Nemelex Xobeh
Ru
Trog
Uskayaw
Vehumet
Xom
Yredelemnul
Zin

Shops:
D:5 %

Annotations:
D:11 3 runed translucent doors, theanonym's ghost, novice DEEE


Innate Abilities, Weirdness & Mutations

You cannot be hasted, slowed, berserked, paralysed or teleported.
You can dig through walls and to a lower floor.
Your four strong arms can wield two-handed weapons with a shield.
You have a pair of large antennae on your head. (SInv)


Message History

You block the hippogriff's attack. The hippogriff claws you.
You thump the hippogriff!
You kill the hippogriff!
Lugonu accepts your kill.
No target in view!
No target in view!
You butcher the hippogriff corpse.
L - 5 chunks of flesh You see here a hippogriff skeleton. x2
You butcher the bullfrog corpse.
L - 9 chunks of flesh (gained 4)
You see here a bullfrog skeleton. x2
r - 67 sling bullets (gained 2)
Found a plate armour.
Found an escape hatch in the ceiling.
There is a stone staircase leading up, spattered with blood here.
Found 17 gold pieces.
You sense a monster nearby.
A polar bear comes into view.
The polar bear growls angrily.
A bullfrog comes into view.
Found a scroll of magic mapping.
You see here 17 gold pieces.
You now have 699 gold pieces (gained 17).
You sock the polar bear!
The polar bear bites you but does no damage.
You block the polar bear's attack. x2
You hit the polar bear. The polar bear bites you!
You block the polar bear's attack.
The polar bear claws you but does no damage.
You barely miss the polar bear. You thump the polar bear!
You block the polar bear's attack. The polar bear claws you.
You block the polar bear's attack.
You hit the polar bear. The polar bear bites you!
The polar bear claws you but does no damage.
The polar bear claws you.
You hit the polar bear.
The polar bear goes berserk!
You completely miss the polar bear. The polar bear bites you!!
The polar bear claws you.
* * * LOW HITPOINT WARNING * * *
The polar bear claws you.
* * * LOW HITPOINT WARNING * * *
Aim: a polar bear (severely wounded, berserk, fast, unusually strong)
The bolt of acid hits the polar bear!
The polar bear is splashed with acid.
The acid corrodes the polar bear!
The polar bear bites you!!
* * * LOW HITPOINT WARNING * * *
The polar bear claws you but does no damage. x2
Unknown command.
You completely miss the polar bear. The polar bear bites you!
You die...

....## ###.#.#.###.....
###..# #...##..#.....
###..### ##............
.###...# ##.............
..#....###..####........
.......##...# #...#.....
..<......#### ##..# ##..
.#.#.......# ##h## .
#÷.##......## #.@.#
............##P.###
.÷.P#..P......<.#
######...........
##.P#...#........
...........##P...
.................
.................
......÷.......##


You could see a polar bear (berserk).

Vanquished Creatures
  Erolcha (D:9)
  Fannar (D:10)
  Harold (D:10)
  2 black mambas
  2 spiny frogs (Lair:1)
  2 rime drakes (D:11)
  A polar bear (Lair:2)
  4 hippogriffs
  19 yaks
  A human (D:7)
  A hungry ghost (D:11)
  4 hogs (D:7)
  6 water moccasins
  Duvessa (D:7)
  A porcupine (Lair:1)
  4 sky beasts
  2 black bears
  2 ice beasts (D:7)
  9 ogres
  2 orc warriors
  A phantom (D:11)
  5 crocodiles
  5 centaurs
  4 bullfrogs
  Dowan (D:7)
  5 scorpions
  12 killer bees (D:10)
  12 wights
  A howler monkey (D:6)
  4 hounds
  4 crimson imps
  3 orc priests
  A jelly (D:10)
  10 orc wizards
  2 bullfrog skeletons
  A centaur skeleton (D:7)
  4 worker ants
  3 iguanas
  Natasha (thrice) (D:3)
  A hound zombie (D:10)
  3 worker ant zombies
  7 gnolls
  A howler monkey zombie (D:7)
  5 adders
  3 river rats (D:4)
  3 shadow imps
  3 oozes
  An adder zombie (D:8)
  An adder skeleton (D:8)
  4 worms
  A dart slug (D:3)
  4 leopard geckos
  29 orcs
  2 ball pythons
  8 giant cockroaches
  4 goblins
  8 hobgoblins
  14 jackals
  3 quokkas
  A ball python skeleton (D:5)
  6 bats
  3 frilled lizards
  7 kobolds
  10 rats
279 creatures vanquished.

Vanquished Creatures (others)
  2 hydras
  2 two-headed ogres
  A komodo dragon (Lair:3)
  A snapping turtle (Lair:3)
  3 yaks
  2 steam dragons (D:8)
  An ice beast (D:6)
  2 killer bees (D:10)
14 creatures vanquished.

Grand Total: 293 creatures vanquished

Notes
Turn   | Place    | Note
-------+----------+-------------------------------------------
     0 | Abyss:1  | vurker the Formicid Abyssal Knight began the quest for the
                  | Orb.
     0 | Abyss:1  | Reached XP level 1. HP: 18/18 MP: 2/2
     9 | D:1      | Escaped the Abyss
   241 | D:1      | Reached XP level 2. HP: 24/24 MP: 3/3
   884 | D:2      | Reached XP level 3. HP: 29/29 MP: 3/5
  1609 | D:2      | Reached ** piety under Lugonu
  1609 | D:2      | Reached XP level 4. HP: 35/37 MP: 6/6
  1728 | D:2      | Found a bloodstained altar of Trog.
  1730 | D:2      | Found a shimmering altar of Xom.
  1730 | D:2      | Found a snail-covered altar of Cheibriados.
  1732 | D:2      | Found an opulent altar of Gozag.
  1732 | D:2      | Found an opulent altar of Gozag.
  1732 | D:2      | Found a sacrificial altar of Ru.
  2043 | D:3      | You fall into a shaft and drop 1 floor!
  2044 | D:4      | Noticed an ogre
  2131 | D:3      | Reached XP level 5. HP: 20/42 MP: 7/7
  2978 | D:3      | Found a snail-covered altar of Cheibriados.
  3518 | D:3      | Killed an ogre
  3518 | D:3      | Reached XP level 6. HP: 26/49 MP: 7/9
  3674 | D:4      | Noticed an ogre
  3738 | D:4      | Noticed Natasha
  3769 | D:3      | Killed Natasha
  4030 | D:3      | Noticed Natasha
  4044 | D:3      | Killed Natasha
  4139 | D:3      | Noticed Natasha
  4146 | D:3      | Killed Natasha
  4293 | D:3      | Found a snail-covered altar of Cheibriados.
  4898 | D:4      | Reached skill level 5 in Maces & Flails
  4900 | D:4      | Reached XP level 7. HP: 54/55 MP: 10/10
  4964 | D:4      | Reached skill level 5 in Fighting
  5515 | D:4      | HP: 2/56 [scorpion (7)]
  5865 | D:4      | Reached skill level 5 in Invocations
  5966 | D:4      | Reached skill level 1 in Shields
  5966 | D:4      | Reached XP level 8. HP: 57/63 MP: 11/11
  6231 | D:5      | Entered Level 5 of the Dungeon
  6939 | D:5      | Found a radiant altar of Vehumet.
  7199 | D:5      | Found a radiant altar of Vehumet.
  7322 | D:5      | Found a sparkling altar of Nemelex Xobeh.
  7486 | D:5      | Found Hitia's Food Boutique.
  7706 | D:6      | Reached *** piety under Lugonu
  7926 | D:6      | Found a hazy altar of Hepliaklqana.
  8569 | D:6      | Reached XP level 9. HP: 69/70 MP: 13/13
  8877 | D:6      | Found a glowing silver altar of Zin.
  8978 | D:6      | Identified the +5 flail "Fusug" {crush, Dex+2}
  9157 | D:6      | Found a burning altar of Makhleb.
  9836 | D:7      | Noticed a hippogriff
  9931 | D:7      | Found a staircase to the Ecumenical Temple.
  9960 | D:7      | Killed a hippogriff
 10025 | D:7      | Reached skill level 5 in Shields
 10265 | D:7      | Found a shattered altar of Ashenzari.
 10350 | D:7      | Reached XP level 10. HP: 50/79 MP: 15/15
 10710 | D:7      | Noticed Duvessa
 10736 | D:7      | Killed Duvessa
 10737 | D:7      | Noticed Dowan
 10740 | D:7      | Killed Dowan
 11081 | D:8      | Found an ancient bone altar of Kikubaaqudgha.
 11175 | D:8      | Reached **** piety under Lugonu
 11969 | D:8      | Noticed a two-headed ogre
 11970 | D:8      | Banished a two-headed ogre
 12047 | D:8      | Found a white marble altar of Elyvilon.
 12223 | D:8      | Reached skill level 10 in Maces & Flails
 12637 | D:9      | Found a staircase to the Orcish Mines.
 12764 | D:9      | Found a sacrificial altar of Ru.
 12807 | D:9      | Reached XP level 11. HP: 48/87 MP: 17/17
 13065 | D:9      | Got a steaming scale mail
 13076 | D:9      | Identified the +0 scale mail of Compression {rPois rN+}
                  | (You found it on level 9 of the Dungeon)
 13219 | D:9      | Found a basalt altar of Yredelemnul.
 13220 | D:9      | Found a hide-covered altar of Uskayaw.
 13244 | D:9      | Found a staircase to the Lair.
 13311 | D:10     | Entered Level 10 of the Dungeon
 13311 | D:10     | Noticed Fannar
 13537 | D:10     | Noticed Erolcha
 13551 | D:9      | Killed Erolcha
 14028 | D:10     | Noticed Harold
 14161 | D:10     | Killed Harold
 14161 | D:10     | Reached skill level 10 in Invocations
 14171 | D:10     | Killed Fannar
 15659 | D:11     | Found a runed translucent gate.
 15659 | D:11     | Found a runed translucent gate.
 15660 | D:11     | Found a runed translucent gate.
 15660 | D:11     | Noticed a minotaur
 15663 | D:11     | Noticed theanonym's ghost (novice DEEE)
 15977 | D:11     | Noticed a two-headed ogre
 15985 | D:11     | Banished a two-headed ogre
 16257 | D:11     | Reached XP level 12. HP: 81/96 MP: 20/20
 17221 | Lair:1   | Entered Level 1 of the Lair of Beasts
 18836 | Lair:2   | Noticed an eight-headed hydra
 18837 | Lair:2   | Banished an eight-headed hydra
 18999 | Lair:2   | Reached skill level 10 in Fighting
 19677 | Lair:3   | Noticed a five-headed hydra
 19773 | Lair:3   | Found a staircase to the Shoals.
 20135 | Lair:3   | Banished a five-headed hydra
 20659 | Lair:3   | Slain by a polar bear

Levels and vault maps discovered:
D:1:      psy_arrival_dodecagon, layout_basic
D:2:      layout_loops_ring, first_ration, amethyst_killhole,
          doesnt_xom_only_xom
D:3:      layout_basic, kennysheep_slug_shrine
D:4:      layout_cave_pools, portal_sewer_entry_a, uniq_natasha
D:5:      layout_basic, serial_shops, kennysheep_little_box,
          hangedman_feature_mirror, lemuel_altar_in_water
D:6:      wander_river, layout_cave_pods, zin_academy, bloody_makhleb,
          lemuel_doored_altar
D:7:      layout_cave_pools, nicolae_ashenzari_panopticon,
          minmay_temple_entry_antechambers, minmay_misc_feat_tiny,
          grunt_livestock, chequers_serial_rivers_small_3,
          kennysheep_cross_bottleneck, uniq_duvessa
D:8:      cheibrodos_steamvent, layout_rooms, overflow_temple_1_default,
          overflow_temple_1_default
D:9:      layout_basic, nicolae_ru_path_of_blood, grunt_temple_overflow_open,
          lair_entry_dummy, orc_0_dummy
D:10:     cheibrodos_helix_gallery, layout_long_grid, uniq_harold, uniq_fannar,
          uniq_erolcha
D:11:     layout_small_grid, maelrawn_ghost_gauntlet_escape,
          portal_ice_cave_rime
Lair:1:   layout_cave_pods, lemuel_fruit_fields
Lair:2:   layout_chaotic_city, serial_bayou_shore_a
Lair:3:   layout_layer_cave, minmay_shoals_entry_hut, st_stairs_6,
          infiniplex_staircase_pool

Skill      XL: |  1  2  3  4  5  6  7  8  9 10 11 12 |
---------------+-------------------------------------+-----
Maces & Flails | 3 4 5 6 7 8 10 11 12 | 12.4
Invocations    | 3 4 5 6 7 9 11 12 | 12.4
Fighting       | 4 5 6 7 8 9 10 | 10.1
Shields        | 1 3 5 7 8 9 |  9.4
Armour         | |  2.1
Dodging        | |  0.8

Action                   |  1- 3 |  4- 6 |  7- 9 | 10-12 || total
-------------------------+-------+-------+-------+-------++-------
Melee: Mace              |    89 |    57 |       |       ||   146
       Flail             |       |   136 |   331 |   523 ||   990
 Fire: Hunting sling     |       |    18 |   131 |   113 ||   262
Throw: Stone             |     7 |       |       |       ||     7
Invok: Bend Space        |       |       |     1 |     1 ||     2
       Banish            |       |       |     1 |    24 ||    25
 Abil: Dig               |       |     2 |     8 |    17 ||    27
Evoke: Wand              |       |       |       |     1 ||     1
  Use: Scroll            |       |     4 |     6 |    21 ||    31
       Potion            |       |       |     2 |     2 ||     4
 Stab: Distracted        |       |       |       |     1 ||     1
  Eat: Chunk             |     2 |     9 |    14 |    16 ||    41
       Ration            |       |     1 |     1 |     8 ||    10
Armor: Chain mail        |    57 |   126 |   145 |    37 ||   365
       Scale mail        |       |       |       |    62 ||    62
       Plate armour      |       |       |       |    12 ||    12
Dodge: Dodged            |    33 |    86 |    98 |   131 ||   348
Block: Shield            |       |       |    87 |   237 ||   324

Table legend:
 A = Non-vault XP
 B = Vault XP
 C = Vault XP percentage of total XP
 D = Non-vault monster count
 E = Vault monster count
 F = Vault count percentage of total count
                 A         B        C        D         E       F
            +---------+---------+-------+---------+---------+-------
      Total |   18636 |    5600 |  23.1 |     265 |      28 |   9.6
            +---------+---------+-------+---------+---------+-------
        D:1 |      20 |       0 |   0.0 |      15 |       0 |   0.0
        D:2 |      58 |       0 |   0.0 |      18 |       0 |   0.0
        D:3 |     362 |      39 |   9.7 |      29 |       3 |   9.4
        D:4 |     485 |      54 |  10.0 |      19 |       7 |  26.9
        D:5 |     564 |       3 |   0.5 |       9 |       1 |  10.0
        D:6 |    1312 |       0 |   0.0 |      43 |       0 |   0.0
        D:7 |    1042 |    1183 |  53.2 |      15 |       7 |  31.8
        D:8 |    1537 |     202 |  11.6 |      17 |       2 |  10.5
        D:9 |    1246 |    1039 |  45.5 |      17 |       1 |   5.6
       D:10 |    1915 |    2119 |  52.5 |      28 |       4 |  12.5
       D:11 |    3432 |     745 |  17.8 |      26 |       2 |   7.1
     Lair:1 |    3109 |       0 |   0.0 |      13 |       0 |   0.0
     Lair:2 |    2305 |       0 |   0.0 |      11 |       0 |   0.0
     Lair:3 |    1249 |     216 |  14.7 |       5 |       1 |  16.7
            +---------+---------+-------+---------+---------+-------
